 Dungeon Crawl Stone Soup version 0.27-a0-972-gd1521fd518 (webtiles) character file.

Game seed: 15529204545212218583

210 Nosferatu13666 the Sneak (level 5, -1/26 (27) HPs)
             Began as a Spriggan Brigand on Apr 14, 2021.
             Slain by a gnoll
             ... wielding a +0 flail
              (9 damage)
             ... on level 4 of the Dungeon.
             The game lasted 00:23:59 (3725 turns).

Nosferatu13666 the Sneak (Spriggan Brigand)         Turns: 3725, Time: 00:24:00

HP:   -1/26 (27)    AC:  4    Str:  7    XL:     5   Next: 56%
MP:   9/9           EV: 18    Int: 12    God:
Gold: 13            SH:  0    Dex: 18    Spells: 8/8 levels left

rFire    . . .     SeeInvis +   a - +2 dagger
rCold    . . .     Faith    .   (shield restricted)
rNeg     . . .     Spirit   .   b - +1 robe
rPois    .         Reflect  .   (helmet restricted)
rElec    .         Harm     .   c - +0 cloak
rCorr    .         Rampage  .   (gloves unavailable)
Will     .....                  (boots unavailable)
Stlth    ++++......             (no amulet)
HPRegen  0.08/turn              (no ring)
MPRegen  0.11/turn              g - ring of flight

@: flying, lightly drained, very quick
A: very small, no large weapons, unfitting armour, see invisible, speed 3
a: no special abilities


You were on level 4 of the Dungeon.
You visited 1 branch of the dungeon, and saw 4 of its levels.

You collected 100 gold pieces.
You spent 87 gold pieces at shops.

Inventory:

Hand Weapons
 a - a +2 dagger (weapon)
Missiles
 d - 2 poisoned darts (quivered)
Armour
 b - a +1 robe (worn)
 c - a +0 cloak (worn)
Jewellery
 f - a ring of resist corrosion
 g - a ring of flight (right hand)
Potions
 h - 2 potions of curing
 i - a potion of haste {unknown}
 j - a potion of attraction {unknown}
 k - a potion of degeneration {unknown}


   Skills:
 * Level 2.5 Fighting
 * Level 3.0 Short Blades
 * Level 3.0 Throwing
 * Level 3.1 Dodging
 * Level 7.1 Stealth
 * Level 2.0 Spellcasting


You had 8 spell levels left.
You didn't know any spells.
Your spell library was empty.

Dungeon Overview and Level Annotations

Branches:
Dungeon (4/15)
 Temple: D:4-7

Altars:

Shops:
D:3 =*

Annotations:
D:3 2 transporters, Zigma's ghost, amateur DrTm


Innate Abilities, Weirdness & Mutations

You are very small and have problems with some larger weapons.
You are too small for most types of armour.
You have supernaturally acute eyesight. (SInv)
You cover ground extremely quickly. (Speed+++)


Message History

d - 4 poisoned darts (gained 3)
There is a stone staircase leading up here.
The hound skeleton bites you.
You fly upwards.
Level annotation: 2 transporters, Zigma's ghost, amateur DrTm
There is a stone staircase leading down here.
You start resting.
HP restored.
There is an entrance to Sairutur's Jewellery Boutique here.
There is a stone staircase leading down, spattered with blood here.
There is a stone staircase leading up here.
There is a stone staircase leading down here.
You fly downwards.
The gnoll shouts!
You hear a shout!
There is a stone staircase leading up, spattered with blood here.
Throw: 4 darts (poison)
Press: ? - help, Q - select action Shift-Dir - straight line, f - gnoll
Aim: a gnoll, wielding a +0 spear and quivering a throwing net (66% to hit)
You throw a poisoned dart. The poisoned dart hits the gnoll!
The gnoll is poisoned.
The gnoll shouts! x2
Throw: 3 darts (poison)
Press: ? - help, Q - select action Shift-Dir - straight line, f - gnoll, p - gnoll
Aim: a gnoll, wielding a +1 vampiric halberd (66% to hit)
You throw a poisoned dart. The poisoned dart hits the gnoll.
The gnoll is lightly wounded.
The gnoll throws a throwing net.
The throwing net hits you.
You become entangled in the net!
You struggle against the net.
You cannot throw anything while held in a net.
The gnoll barely misses you.
You struggle against the net.
The gnoll closely misses you.
The gnoll hits you from afar with a +0 spear.
You shred the net and break free!
The gnoll hits you from afar with a +1 vampiric halberd.
The gnoll hits you from afar with a +0 spear.
The gnoll hits you with a +0 flail! The gnoll hits you but does no damage.
The gnoll misses you. The gnoll hits you with a +0 flail!
You die...

.# ..
.......... ..
.........#
.........##
..........#
..........#
..........#
..........####
.......@.g...#
.
#.......gg(..#
.
##...........#
.
####.......g:g
. .........##
##...######
##..# #..#


You could see a gnoll shaman and 4 gnolls.

Vanquished Creatures
  A bullfrog (D:2)
  6 adders
  A worm (D:2)
  A dart slug (D:2)
  4 orcs
  6 ball pythons
  8 endoplasms
  6 giant cockroaches
  4 goblins
  7 hobgoblins
  6 jackals
  4 quokkas
  3 bats (D:2)
  5 frilled lizards
  5 kobolds
  A quokka skeleton (D:4)
  7 rats
75 creatures vanquished.

Vanquished Creatures (others)
  6 plants (D:3)
6 creatures vanquished.

Grand Total: 81 creatures vanquished

Notes
Turn   | Place    | Note
-------+----------+-------------------------------------------
     0 | D:1      | Nosferatu13666 the Spriggan Brigand began the quest for the
                  | Orb.
     0 | D:1      | Reached XP level 1. HP: 10/10 MP: 2/2
    21 | D:1      | Reached skill level 6 in Stealth
   222 | D:1      | Reached XP level 2. HP: 15/15 MP: 3/3
   568 | D:1      | You are sucked into a shaft and drop 1 floor!
   613 | D:2      | Reached XP level 3. HP: 16/18 MP: 4/4
  1000 | D:2      | Reached skill level 1 in Spellcasting
  1064 | D:2      | Reached XP level 4. HP: 23/23 MP: 6/6
  1258 | D:2      | Noticed a bullfrog
  1261 | D:2      | Killed a bullfrog
  1262 | D:2      | Reached XP level 5. HP: 27/27 MP: 6/8
  1495 | D:3      | Reached skill level 7 in Stealth
  1498 | D:3      | Found Niss's Assorted Antiques.
  1513 | D:3      | Bought a scroll labelled YSSEIMPENEKH for 29 gold pieces
  1513 | D:3      | Bought a scroll labelled SAAF WIREHI for 29 gold pieces
  1559 | D:3      | Found Sairutur's Jewellery Boutique.
  1680 | D:3      | Found a transporter.
  1770 | D:3      | Found a faded altar of an unknown god.
  2160 | D:3      | Found a transporter.
  2350 | D:3      | Noticed Zigma's ghost (amateur DrTm)
  2737 | D:4      | Noticed a necrophage
  3001 | D:4      | Noticed an ice beast
  3072 | D:3      | Bought a scroll labelled RUROOM OCKU for 29 gold pieces
  3725 | D:4      | Slain by a gnoll

Illustrated notes

Levels and vault maps discovered:
D:1:      tarquinn_simple_flora_water_d, layout_rooms, minivault_24,
          kennysheep_doodads, minmay_stone_trees_small, kennysheep_nondescript
D:2:      layout_basic, minmay_3d_cube
D:3:      minmay_door_path, layout_loops_ring, serial_shops, shop, shop_statue,
          ebering_ecumenical_altar_abandoned, gammafunk_ghost_gnarly_gnolls
D:4:      layout_rooms, amcnicky_altar_gilded, kennysheep_mini,
          kennysheep_generic_room_7

Skill      XL: |  1  2  3  4  5 |
---------------+----------------+-----
Stealth        | 6 7 |  7.1
Fighting       | 2 |  2.5
Dodging        | 2 3 |  3.1
Spellcasting   | 1 2 |  2.0
Short Blades   | 3 |  3.0
Throwing       | 3 |  3.0

Action                   |  1- 3 |  4- 6 || total
-------------------------+-------+-------++-------
Melee: Dagger            |    75 |    63 ||   138
Throw: Dart              |    68 |    69 ||   137
  Use: Scroll            |     2 |     7 ||     9
       Potion            |       |     1 ||     1
 Stab: Sleeping          |    10 |     3 ||    13
       Distracted        |       |     1 ||     1
Armor: Robe              |    15 |     7 ||    22
Dodge: Dodged            |    54 |    55 ||   109

Table legend: (Time is in decaauts)
 A = Elapsed time spent in this place.
 B = Non-inter-level travel time spent in this place.
 C = Inter-level travel time spent in this place.
 D = Time resting spent in this place.
 E = Time spent auto-exploring this place.
 F = Levels seen in this place.
 G = Mean time per level.
                   A        B        C        D        E       F      G
               +--------+--------+--------+--------+--------+-----+--------+
         Total |   2779 |   2779 |      0 |    951 |      0 |   4 |  694.8 |
       Dungeon |   2779 |   2779 |      0 |    951 |      0 |   4 |  694.8 |
               +--------+--------+--------+--------+--------+-----+--------+

Top non-repeatable levels by time:
     D:3: 1743 daAuts
     D:2: 574 daAuts
     D:1: 409 daAuts
     D:4: 53 daAuts
